 Dungeon Sprint DCSS version 0.19-a0-1568-gdd01aac (webtiles) character file.

2 poirepourri the Sneak (level 1, -1/9 HPs)
             Began as a Spriggan Enchanter on Sept 15, 2016.
             Was an Initiate of Dithmenos.
             Killed from afar by a white imp (10 damage)
             ... with a puff of frost
             ... in the Dungeon (Sprint VII: "The Pits").
             The game lasted 00:00:28 (94 turns).

poirepourri the Sneak (Spriggan Enchanter)            Turns: 94, Time: 00:00:29

Health: -1/9       AC:  3    Str:  4    XL:     1   Next: 25%
Magic:  4/5        EV: 19    Int: 16    God:    Dithmenos [......]
Gold:   0          SH:  0    Dex: 16    Spells: 1 memorised, 4 levels left

rFire  . . .     SeeInvis +     k - +2 dagger
rCold  . . .     Gourm    .     b - +1 robe
rNeg   . . .     Faith    .     (shield restricted)
rPois  .         Spirit   .     (helmet restricted)
rElec  .         Dismiss  .     (no cloak)
rCorr  .         Reflect  .     (gloves unavailable)
MR     .....     Harm     .     (boots unavailable)
Stlth  +++....... NoTele   +    (no amulet)
                                (no ring)
                                (no ring)

@: very quick
A: unfitting armour, see invisible, herbivore 3, speed 3, slow metabolism 2
a: Renounce Religion


You were in the Dungeon.
You worshipped Dithmenos.
Dithmenos was noncommittal.
You were not hungry.

You visited 1 branch

Inventory:

Hand Weapons
 a - a +1 dagger
 k - a +2 dagger (weapon)
Armour
 b - a +1 robe (worn)
Scrolls
 j - a scroll of blinking
 m - 3 scrolls of remove curse
 n - 5 scrolls of amnesia
 o - a scroll of summoning
Potions
 e - a potion of curing
 f - a potion of heal wounds
 g - a potion of haste
 h - 4 potions of magic
 i - 3 potions of berserk rage
 l - 2 potions of invisibility
Books
 c - a book of Maledictions

   Spells                             Type                      Level
   a - Corona                         Hexes                        1
   b - Ensorcelled Hibernation        Hexes/Ice                    2
   c - Confuse                        Hexes                        3
   d - Tukima's Dance                 Hexes                        3
   e - Dazzling Spray                 Conjuration/Hexes            3
Comestibles
 d - 8 bread rations
 p - 40 fruits


   Skills:
 + Level 1.1 Short Blades
 + Level 3.5 Dodging
 + Level 5.6 Stealth
 - Level 2.6 Spellcasting
 - Level 3.6 Hexes


You had 4 spell levels left.
You knew the following spells:

 Your Spells              Type           Power        Failure   Level  Hunger
a - Corona                Hex            ##.....      6%          1    #......


Dungeon Overview and Level Annotations

Branches:
Dungeon (1/1)

Altars:
Ashenzari
Cheibriados
Dithmenos
Elyvilon
Fedhas
Gozag
Hepliaklqana
Kikubaaqudgha
Makhleb
Nemelex Xobeh
Okawaru
Qazlal
Ru
Sif Muna
Trog
Uskayaw
Vehumet
Xom
Yredelemnul
Zin
The Shining One
Beogh
Jiyva
Lugonu


Innate Abilities, Weirdness & Mutations

You are tiny and cannot use many weapons and most armour.
You have supernaturally acute eyesight. (SInv)
You are a herbivore.
You cover ground extremely quickly.
You need consume almost no food.


Message History

You open the door.
There is an open door here.
You open the door.
A big kobold and a white imp come into view.
There is an open door here.
There is an open door here.
You close the door.
You open the door.
There is an open door here.
Casting: Corona
Confirm with . or Enter, or press ? or * to list all spells.
Aiming: Corona
Press: ? - help, Shift-Dir - straight line, f - white imp
Aim: a white imp (resting, chance to defeat MR: 58%)
The white imp shouts!
The white imp struggles to resist.
The white imp gestures at you. The puff of frost hits you!
Ouch! That really hurt!
You die...

#.#
#.....
#.#
####'#
#.#
#.....
#.#
#.....
#.#
#.....
#.#
#...<.
#.#
#.....
#.#
#.....
#@#######
#.....
#......5#
######
#..#.#..#
#.## #
#.. #.#
#.. #K.
###


You could see a big kobold (sleeping) and a white imp.

Vanquished Creatures
  A leopard gecko (D)
1 creature vanquished.

Vanquished Creatures (others)
  A blizzard demon (D)
1 creature vanquished.

Grand Total: 2 creatures vanquished

Notes
Turn   | Place    | Note
-------+----------+-------------------------------------------
     0 | D        | poirepourri the Spriggan Enchanter began the quest for the Orb.
     0 | D        | Reached XP level 1. HP: 9/9 MP: 5/5
     9 | D        | Killed a blizzard demon
    11 | D        | Reached skill level 5 in Stealth
    43 | D        | Found a radiant altar of Vehumet.
    43 | D        | Found a hide-covered altar of Uskayaw.
    43 | D        | Found an ancient bone altar of Kikubaaqudgha.
    43 | D        | Found a viscous altar of Jiyva.
    43 | D        | Found a hazy altar of Hepliaklqana.
    44 | D        | Found a bloodstained altar of Trog.
    44 | D        | Found a deep blue altar of Sif Muna.
    44 | D        | Found a sacrificial altar of Ru.
    44 | D        | Found a stormy altar of Qazlal.
    44 | D        | Found an iron altar of Okawaru.
    44 | D        | Found a sparkling altar of Nemelex Xobeh.
    44 | D        | Found an opulent altar of Gozag.
    44 | D        | Found a blossoming altar of Fedhas.
    44 | D        | Found a white marble altar of Elyvilon.
    44 | D        | Found a shadowy altar of Dithmenos.
    44 | D        | Found a snail-covered altar of Cheibriados.
    45 | D        | Found a glowing golden altar of the Shining One.
    45 | D        | Found a glowing silver altar of Zin.
    46 | D        | Found a burning altar of Makhleb.
    46 | D        | Found a basalt altar of Yredelemnul.
    46 | D        | Found a roughly hewn altar of Beogh.
    47 | D        | Found a corrupted altar of Lugonu.
    47 | D        | Found a shimmering altar of Xom.
    47 | D        | Found a shattered altar of Ashenzari.
    57 | D        | Became a worshipper of Dithmenos the Shadowed
    87 | D        | Noticed a big kobold
    94 | D        | Killed from afar by a white imp

Vault maps used:
D:        pitsprint

Skill      XL: |  1 |
---------------+----+-----
Stealth        | 5 |  5.6
Short Blades   | |  1.1
Dodging        | |  3.5
Spellcasting   | |  2.6
Hexes          | |  3.6

Action                   || total
-------------------------++-------
Melee: Dagger            ||     1
 Cast: Corona            ||     1
 Stab: Sleeping          ||     1
